Map: King's Cove LE

Players

Harstem

  • Race: Protoss Protoss
  • League: Grandmaster
  • Spawn Location: 5:00

Serral - Winner!

  • Race: Zerg Zerg
  • League: Master
  • Spawn Location: 11:00

Event: 2019 WCS Winter Europe

VOD

Have the link to the VOD?

Description

Time

  • Played on: Feb. 17, 2019, 11:29 a.m.
  • Length: 10:53

All games in this series

Show
View Real Time Build Order
Export as new Build Order

Harstem Protoss 

Build Orders: Nexus First, Archon Immortal, Archon Drop, Dark Templar Rush 

Get SALT Encoding   

  12  0:01  Probe  
  13  0:13  Probe  
  14  0:18  Pylon  
  14  0:27  Probe  
  15  0:35  Probe  
  16  0:43  Probe  
  18  1:00  Nexus  
  17  1:09  Probe, Gateway  
  17  1:17  Probe  
  18  1:23  Assimilator  
  19  1:27  Probe  
  19  1:31  Assimilator  
  20  1:39  Probe  
  21  1:41  Pylon  
  21  1:50  Probe  
  22  1:57  Cybernetics Core  
  22  1:59  Probe  
  22  2:07  Zealot, Probe  
  25  2:09  Probe  
  27  2:17  Probe x2  
  29  2:27  Probe  
  29  2:29  Probe  
  31  2:33  Warp Gate  
  31  2:34  Stalker  
  34  2:44  Twilight Council  
  33  2:52  Gateway  
  33  2:53  Probe  
  33  2:54  Probe  
  35  3:04  Robotics Facility  
  35  3:05  Probe  
  36  3:08  Probe  
  37  3:17  Probe  
  38  3:20  Probe  
  38  3:23  Dark Shrine  
  39  3:28  Gateway  
  39  3:30  Assimilator, Probe  
  41  3:37  Probe  
  41  3:39  Gateway  
  41  3:41  Warp Prism  
  41  3:42  Probe  
  42  3:50  Pylon  
  42  3:54  Probe  
  46  3:56  Assimilator  
  46  3:57  Probe  
  46  4:05  Pylon  
  46  4:08  Warp Prism  
  46  4:09  Probe x2  
  48  4:12  Pylon  
  48  4:21  Probe  
  51  4:26  Probe  
  52  4:33  Probe  
  53  4:40  Dark Templar x4  
  53  4:45  Pylon  
  61  4:48  Probe  
  62  5:03  Nexus  
  62  5:15  Dark Templar  
  62  5:16  Dark Templar x2  
  62  5:19  Pylon  
  62  5:20  Archon  
  68  5:22  Dark Templar  
  68  5:23  Archon  
  70  5:34  Archon  
  70  5:35  Archon  
  70  5:36  Immortal, Probe x2  
  70  5:38  Forge, Gateway  
  72  5:48  Probe  
  77  5:54  Protoss Ground Weapons Level 1, Probe  
  77  5:55  Charge  
  78  6:03  Probe  
  78  6:08  Probe  
  78  6:10  Stalker, Sentry  
  78  6:11  Probe  
  84  6:14  Probe  
  84  6:17  Probe  
  84  6:18  Immortal  
  90  6:19  Probe  
  90  6:22  Probe  
  90  6:25  Probe  
  92  6:27  Probe  
  92  6:30  Probe  
  92  6:31  Zealot, Sentry  
  99  6:34  Probe  
  99  6:36  Gateway  
  101  6:47  Pylon x2  
  101  6:54  Pylon  
  101  6:56  Probe  
  101  6:58  Assimilator, Gateway  
  101  7:00  Immortal, Gateway, Assimilator  
  101  7:05  Probe x2  
  103  7:09  Probe  
  103  7:14  Templar Archives  
  103  7:15  Pylon  
  108  7:17  Probe  
  110  7:25  Pylon  
  110  7:26  Zealot x3  
  110  7:28  Probe  
  110  7:29  Pylon  
  116  7:30  Immortal, Pylon  
  116  7:34  Probe  
  121  7:45  Probe  
  121  7:46  Stalker x3, Protoss Ground Weapons Level 2  
  127  7:53  Probe  
  127  7:54  Probe  
  127  7:57  Zealot x2  
  130  8:00  Probe  
  130  8:03  Psionic Storm  
  131  8:12  High Templar x3  
  137  8:14  Observer  
  137  8:15  Probe  
  139  8:24  Probe  
  140  8:30  High Templar x2  
  140  8:32  Photon Cannon, Shield Battery  
  140  8:33  Immortal  
  144  8:34  Photon Cannon, Pylon  
  144  8:39  Shield Battery  
  148  8:49  Nexus  
  148  8:52  Pylon  
  148  9:00  Zealot x4  
  148  9:01  Zealot x2  
  158  9:07  Immortal  
  158  9:13  Zealot x2  
  166  9:18  Probe x2  
  166  9:21  Probe  
  166  9:22  Stargate  
  163  9:29  Zealot x4  
  167  9:35  Pylon  
  167  9:39  Stalker  
  167  9:41  Immortal  
  167  9:43  Zealot x2  
  171  9:50  Dark Templar  
  171  9:51  Zealot, Dark Templar  
  167  9:57  Dark Templar x2  
  173  10:05  Zealot x3  
  167  10:14  Observer  
  160  10:19  Zealot  
  153  10:26  Zealot x5  
  137  10:34  Probe  
  126  10:41  Dark Templar x3  
Show
View Real Time Build Order
Export as new Build Order

Serral Zerg - Winner!

Build Orders: Hatch First, Lurkers, Roach Hydra 

Get SALT Encoding   

  12  0:00  Drone  
  13  0:12  Overlord  
  13  0:18  Drone  
  14  0:31  Drone x2  
  16  0:49  Hatchery  
  15  0:53  Drone  
  15  0:56  Drone  
  17  0:59  Drone  
  18  1:10  Extractor  
  17  1:15  Spawning Pool  
  16  1:19  Drone  
  16  1:21  Drone  
  18  1:30  Drone  
  19  1:40  Drone  
  20  1:51  Overlord  
  20  2:01  Queen  
  20  2:02  Queen, Zergling x2  
  20  2:03  Zergling x2  
  26  2:10  Metabolic Boost  
  26  2:11  Drone  
  26  2:15  Drone  
  28  2:21  Drone  
  29  2:24  Drone  
  30  2:40  Hatchery  
  30  2:43  Drone  
  30  2:47  Pneumatized Carapace  
  30  2:50  Drone  
  31  2:57  Overlord  
  31  2:59  Drone  
  31  3:00  Drone  
  31  3:02  Drone  
  34  3:05  Drone  
  34  3:10  Drone  
  36  3:15  Overlord  
  36  3:17  Drone x2  
  38  3:25  Queen  
  38  3:26  Drone  
  41  3:31  Overlord  
  41  3:32  Drone  
  42  3:43  Drone x4  
  42  3:45  Lair  
  46  3:52  Drone  
  46  3:55  Queen  
  49  3:56  Drone x2  
  49  4:01  Queen  
  53  4:04  Drone x2  
  53  4:07  Extractor  
  53  4:08  Extractor  
  53  4:13  Drone x2  
  53  4:14  Drone x2  
  53  4:16  Drone  
  58  4:21  Overlord  
  58  4:32  Spore Crawler  
  58  4:35  Queen  
  58  4:36  Spore Crawler  
  58  4:40  Zergling x16  
  58  4:42  Overseer  
  66  4:49  Overlord  
  66  4:50  Overlord, Hydralisk Den  
  66  4:52  Overlord  
  65  5:01  Drone  
  66  5:07  Overlord, Extractor, Overseer  
  66  5:09  Drone x2  
  66  5:10  Zergling x6  
  66  5:13  Zergling x4  
  70  5:17  Overseer  
  70  5:24  Hydralisk x3, Muscular Augments  
  74  5:28  Hydralisk  
  74  5:34  Hydralisk  
  76  5:36  Drone x2  
  76  5:38  Drone  
  76  5:39  Drone x2  
  81  5:44  Hydralisk x2  
  85  5:53  Overlord  
  85  5:54  Hydralisk x2  
  89  5:59  Drone  
  89  6:00  Drone x4  
  89  6:01  Drone  
  89  6:08  Hydralisk x2  
  89  6:09  Drone x2  
  93  6:13  Evolution Chamber  
  93  6:15  Drone x2  
  93  6:17  Drone  
  95  6:23  Drone  
  96  6:27  Extractor x2, Drone x5  
  99  6:33  Hydralisk x2  
  99  6:35  Grooved Spines  
  99  6:38  Zergling x6  
  106  6:41  Overlord  
  106  6:42  Zergling x2  
  106  6:51  Zerg Missile Weapons Level 1  
  105  6:57  Lurker Den  
  105  6:59  Roach Warren  
  105  7:01  Hatchery, Drone x3  
  106  7:03  Overlord  
  105  7:09  Drone  
  105  7:10  Drone x4  
  105  7:12  Overlord  
  105  7:15  Overlord  
  110  7:17  Overlord  
  110  7:22  Drone x3  
  113  7:25  Drone x3  
  113  7:28  Drone x2  
  118  7:31  Drone x2  
  118  7:35  Drone x3  
  118  7:36  Overlord  
  123  7:39  Glial Reconstitution  
  123  7:40  Extractor  
  123  7:42  Extractor  
  121  7:49  Overlord  
  121  7:51  Hatchery  
  120  7:52  Overlord  
  120  7:53  Overlord  
  120  7:58  Overlord  
  118  8:01  Hydralisk x2  
  120  8:11  Hydralisk x4  
  128  8:16  Roach x5  
  138  8:26  Lurker x7  
  145  8:29  Overlord x2  
  145  8:36  Roach x6  
  157  8:47  Nydus Network  
  156  8:49  Hydralisk  
  156  8:50  Hydralisk x2  
  156  8:51  Roach x2  
  156  8:55  Overlord x2  
  166  9:00  Hydralisk x3  
  172  9:11  Roach x7  
  186  9:22  Overseer  
  186  9:23  Hydralisk x5  
  191  9:36  Infestation Pit  
  183  9:40  Nydus Canal  
  183  9:41  Drone x8  
  183  9:43  Drone x2  
  188  9:48  Hydralisk  
  188  9:49  Hydralisk x3  
  193  9:57  Nydus Canal  
  191  10:03  Hydralisk x6  
  199  10:08  Drone  
  200  10:15  Nydus Canal  
  200  10:21  Hydralisk x6  
  186  10:27  Hydralisk  
  186  10:28  Hydralisk  
  188  10:31  Extractor  
  188  10:32  Drone x2  
  186  10:47  Extractor  
Tags
 
Add a new tag
Caveats
  • Supply blocks, unpowered buildings, or Contaminate may cause inaccurate times.
  • Supply counts are checked every 10 seconds.